AoeStats
← Bonea

Nomad

507954946Analyzed
4v4 RM · 11d ago on Sep 20, 2026· 49m 13s· 8 players
Game mode
Random Map
Map size
231×231
Population
200
Speed
Normal
Resources
Standard
Victory
Conquest
Starting age
Dark Age
Ending age
Imperial Age
RankedLock teamsTeams togetherTeam positionsShared explorationLock speedFull tech treeHidden civsTurbo modeCheats
Victory
Defeat
🇨🇿 Sicilians · Czechia
1328
+13
🇳🇱 Lithuanians · Netherlands
1318
+14
🇨🇿 Magyars · Czechia
1264
+16
🇨🇭 Teutons · Switzerland
1251
+16
🇨🇳 Vietnamese · China
1279
-15
🇨🇳 Bohemians · China
1278
-15
🇸🇪 Britons · Sweden
1264
-15
🇫🇷 Poles · France
1249
-14
tomtom
13:57 Feudal Age
14:45 Fishing Lines
18:27 Castle Age
16:17 Double-Bit Axe
17:31 Stone Mining
19:26 Bow Saw
19:29 Fletching
21:42 Wheelbarrow
21:14 Horse Collar
21:40 Loom
23:21 Szlachta Privileges
23:45 Bloodlines
25:28 Scale Barding Armor
28:51 Husbandry
29:00 Heavy Plow
30:18 Scale Mail Armor
30:31 Forging
33:28 Iron Casting
33:56 Scale Mail Armor
38:36 Imperial Age
37:34 Chain Mail Armor
37:50 Chain Barding Armor
40:23 Blast Furnace
38:53 Cavalier
41:10 Conscription
44:19 Plate Mail Armor
ikaros
5:05 Loom
13:56 Feudal Age
15:31 Double-Bit Axe
16:07 Fishing Lines
17:50 Fletching
20:19 Castle Age
23:08 Padded Archer Armor
23:12 Crossbowman
23:51 Bodkin Arrow
32:17 Ballistics
40:54 Imperial Age
39:43 Leather Archer Armor
41:00 Arbalester
43:39 Conscription
45:27 Bracer
psrycc
3:22 Loom
17:10 Feudal Age
18:23 Gold Mining
19:29 Wheelbarrow
18:44 Double-Bit Axe
21:52 Forging
21:27 Horse Collar
25:34 Castle Age
26:42 Medium Warships
27:00 Bow Saw
29:40 Iron Casting
34:12 Fishing Lines
35:30 Stone Mining
36:03 Hand Cart
37:09 Stone Shaft Mining
39:18 Ballistics
39:07 Heavy Plow
43:00 Imperial Age
41:32 Fletching
41:43 Padded Archer Armor
41:44 Scale Mail Armor
43:54 Chain Mail Armor
43:34 Bodkin Arrow
43:56 Leather Archer Armor
44:48 Two-Man Saw
45:14 Crop Rotation
46:03 Plate Mail Armor
45:34 Bracer
45:46 Treadmill Crane
46:54 Pikeman
47:35 Squires
47:22 Arson
48:30 Ring Archer Armor
48:19 Elite Rattan Archer
Bonea
5:29 Loom
15:00 Feudal Age
19:15 Castle Age
17:14 Double-Bit Axe
17:10 Horse Collar
20:25 Demolition Ship
21:15 Medium Warships
22:11 Forging
29:43 Wheelbarrow
29:26 Careening
34:30 Imperial Age
33:03 Hand Cart
33:00 Bow Saw
33:42 Iron Casting
36:53 Conscription
36:09 Pikeman
36:50 Squires
36:35 Arson
37:16 Murder Holes
37:31 Halberdier
38:57 Scale Mail Armor
40:55 Chain Mail Armor
41:41 Blast Furnace
40:35 Elite Hussite Wagon
46:09 Plate Mail Armor
taerue
4:36 Loom
13:54 Feudal Age
14:46 Double-Bit Axe
18:34 Castle Age
19:48 Bow Saw
20:38 Wheelbarrow
21:14 Horse Collar
25:01 Heavy Plow
25:09 Town Watch
26:20 Gold Mining
28:26 Hand Cart
32:21 Imperial Age
30:03 Scale Barding Armor
30:25 Bloodlines
30:24 Stone Mining
30:48 Forging
31:36 Chain Barding Armor
32:14 Iron Casting
32:07 Ballistics
31:57 Masonry
32:28 Cavalier
33:44 Plate Barding Armor
34:44 Two-Man Saw
34:32 Paladin
37:05 Blast Furnace
36:03 Fletching
37:23 Conscription
38:55 Bodkin Arrow
39:26 Crenellations
40:49 Chemistry
42:49 Crop Rotation
Rakosnik
6:18 Loom
8:20 Loom
11:42 Loom
15:15 Feudal Age
20:37 Castle Age
18:25 Fishing Lines
18:53 Double-Bit Axe
21:30 Medium Warships
23:12 Gillnets
23:50 Horse Collar
24:28 Bow Saw
27:08 Town Watch
27:58 Wheelbarrow
28:28 Forging
28:32 Careening
33:08 Imperial Age
30:54 Hand Cart
32:19 Gambesons
32:44 Squires
32:05 Man-at-Arms
32:31 Arson
33:10 Capped Ram
34:41 Long Swordsman
35:36 Two-Handed Swordsman
36:05 Onager
38:29 Champion
43:45 Pikeman
46:38 Chemistry
45:44 Siege Engineers
49:40 First Crusade
vyshi77
5:19 Loom
16:53 Feudal Age
18:02 Double-Bit Axe
21:59 Castle Age
22:57 Medium Warships
22:42 Fletching
23:35 Wheelbarrow
22:45 Town Watch
29:41 Scale Barding Armor
30:24 Hand Cart
30:12 Horse Collar
34:51 Chain Barding Armor
34:35 Corvinian Army
34:31 Stone Mining
35:24 Husbandry
35:37 Bloodlines
36:44 Bow Saw
37:05 Gold Mining
38:22 Heavy Plow
42:45 Imperial Age
42:00 Light Cavalry
43:01 Cavalier
44:02 Conscription
45:18 Gold Shaft Mining
46:54 Plate Barding Armor
46:16 Bodkin Arrow
46:31 Elite Magyar Huszar
48:13 Crop Rotation
48:27 Bracer
RogerV
13:55 Feudal Age
18:18 Castle Age
16:54 Forging
16:43 Stone Mining
17:34 Gold Mining
17:35 Double-Bit Axe
18:47 Pikeman
20:37 Bow Saw
20:59 Loom
40:21 Imperial Age
39:41 Bloodlines
39:32 Husbandry
39:30 Horse Collar
40:16 Heavy Plow
40:13 Gold Mining
41:34 Conscription
41:52 Wheelbarrow
Connection lost

Rejoining the realm…

Still unreachable

The connection could not be restored.

Session expired

The server has moved on; the page needs a fresh start.